 Dungeon Crawl Stone Soup version 0.28-a0-1167-g616b1c6417 (webtiles) character file.

Game seed: 889841879872759352

44 glacial86 the Ruffian (level 3, -2/29 HPs)
             Began as a Draconian Transmuter on Dec 16, 2021.
             Slain by a worm (8 damage)
             ... on level 2 of the Dungeon.
             The game lasted 00:15:59 (1589 turns).

glacial86 the Ruffian (Draconian Transmuter)        Turns: 1589, Time: 00:16:00

Health: -2/29      AC:  5    Str: 12    XL:     3   Next: 41%
Magic:  4/6        EV: 12    Int: 15    God:
Gold:   7          SH:  0    Dex: 11    Spells: 0/6 levels left

rFire   + . .      SeeInvis .     - Unarmed
rCold   . . .      Faith    .   (no shield)
rNeg    . . .      Spirit   .   (armour unavailable)
rPois   +          Reflect  .   (helmet restricted)
rElec   .          Harm     .   (no cloak)
rCorr   .          Rampage  .   (no gloves)
Will    +....                   (no boots)
Stlth   +.........              (no amulet)
HPRegen 0.09/turn               e - ring of protection from fire
MPRegen 0.10/turn               f - ring of poison resistance

@: wereblooded
A: AC +5, unfitting armour, cold-blooded, strong-willed 1
a: no special abilities


You were on level 2 of the Dungeon.
You visited 1 branch of the dungeon, and saw 2 of its levels.

You collected 40 gold pieces.
You spent 33 gold pieces at shops.

Inventory:

Hand Weapons
 a - a +2 dagger of draining
 b - a +0 dagger
 d - a +0 dagger
Armour
 g - a +0 robe
Jewellery
 e - a ring of protection from fire (left hand)
 f - a ring of poison resistance (right hand)
Scrolls
 c - a scroll of identify
 k - a scroll of blinking {unknown}
Potions
 h - 2 potions of degeneration
 i - 2 potions of ambrosia
 j - a potion of flight


   Skills:
 * Level 1.9 Fighting
 + Level 2.0 Dodging
 * Level 3.8 Unarmed Combat
 * Level 2.2 Spellcasting
 * Level 2.1 Transmutations


You couldn't memorise any spells.
You knew the following spells:

 Your Spells              Type           Power      Damage    Failure   Level
a - Beastly Appendage     Tmut           14%        N/A       10%         1
b - Wereblood             Tmut           7%         N/A       14%         2
c - Spider Form           Tmut/Pois      4%         N/A       38%         3

Your spell library contained the following spells:

 Spells                   Type           Power      Damage    Failure   Level
 Ice Form                 Ice/Tmut       4%         N/A       80%         4


Dungeon Overview and Level Annotations

Branches:
Dungeon (2/15)

Altars:

Shops:
D:2 *


Innate Abilities, Weirdness & Mutations

Your plain brown scales are hard. (AC +5)
You cannot fit into any form of body armour.
You are cold-blooded and may be slowed by cold attacks.
You are strong-willed. (Will+)


Message History

The adder barely misses you.
You hit the adder but do no damage. You tail-slap the adder.
You kill the adder!
Your magical contamination has completely faded away.
Magic restored.
You open the door.
A worm comes into view.
There is an open door here.
The worm bites you!
You barely miss the worm. The worm closely misses you.
You barely miss the worm. You hit the worm.
The worm is lightly wounded.
The worm bites you.
You completely miss the worm. You tail-slap the worm.
The worm is lightly wounded.
Casting: Spider Form (extremely dangerous; 38% risk of failure)
Confirm with . or Enter, or press ? or * to list all spells.
Your blood is infused with primal strength.
The worm barely misses you.
You barely miss the worm.
The worm is lightly wounded.
You barely miss the worm.
The worm is lightly wounded.
The worm bites you.
You hit the worm.
The worm is lightly wounded.
You hit the worm.
The worm is moderately wounded.
The worm bites you!
* * * LOW HITPOINT WARNING * * *
You hit the worm.
The worm is heavily wounded.
You hit the worm.
The worm is severely wounded.
The worm misses you.
You barely miss the worm.
The worm is severely wounded.
The worm bites you!
You die...

.#######.#
..........
.........#
.........
.........
........#
.......w#
.......@####
........'..#
........##.#
#...######.#
### #..
#####.# ..#
## #.....#
..# #.#####
..# #.# ###
#.#


You could see a worm.

Vanquished Creatures
  An adder (D:2)
  4 ball pythons
  4 endoplasms
  7 goblins
  A hobgoblin (D:1)
  4 kobolds
  3 quokkas (D:1)
  A bat (D:1)
  5 frilled lizards (D:1)
  2 rats
32 creatures vanquished.

Notes
Turn   | Place    | Note
-------+----------+-------------------------------------------
     0 | D:1      | glacial86 the Draconian Transmuter began the quest for the
                  | Orb.
     0 | D:1      | Reached XP level 1. HP: 16/16 MP: 3/3
   374 | D:1      | Reached XP level 2. HP: 21/23 MP: 5/5
   441 | D:1      | Learned a level 2 spell: Wereblood
   843 | D:1      | Gained mutation: You are strong-willed. (Will+) [potion of
                  | mutation]
  1179 | D:2      | Reached XP level 3. HP: 22/29 MP: 6/6
  1183 | D:2      | Learned a level 3 spell: Spider Form
  1335 | D:2      | Found Pemiaziq's General Store.
  1353 | D:2      | Bought a potion of flight for 33 gold pieces
  1589 | D:2      | Slain by a worm

Illustrated notes

Levels and vault maps discovered:
D:1:      zelgadis_glass_arrival_small, layout_basic
D:2:      layout_basic, serial_shops,
          nicolae_shop_temple_entry_statues_fountains, feat_on_display

Skill      XL: |  1  2 |
---------------+-------+-----
Dodging        | 2 |  2.0
Fighting       | |  1.9
Unarmed Combat | |  3.8
Spellcasting   | |  2.2
Transmutations | |  2.1

Action                   || total
-------------------------++-------
Melee: Unarmed           ||   117
       Tailslap          ||    15
       Kick              ||     3
       Headbutt          ||     1
       Punch             ||     1
 Cast: Beastly Appendage ||     6
       Wereblood         ||     1
  Use: Scroll            ||     3
       Potion            ||     4
 Stab: Sleeping          ||     1
Armor: Skin              ||    26
Dodge: Dodged            ||    75

Table legend: (Time is in decaauts)
 A = Elapsed time spent in this place.
 B = Non-inter-level travel time spent in this place.
 C = Inter-level travel time spent in this place.
 D = Time resting spent in this place.
 E = Time spent auto-exploring this place.
 F = Levels seen in this place.
 G = Mean time per level.
                   A        B        C        D        E       F      G
               +--------+--------+--------+--------+--------+-----+--------+
         Total |   1586 |   1586 |      0 |    200 |    808 |   2 |  793.0 |
       Dungeon |   1586 |   1586 |      0 |    200 |    808 |   2 |  793.0 |
               +--------+--------+--------+--------+--------+-----+--------+

Top non-repeatable levels by time:
     D:1: 1062 daAuts
     D:2: 523 daAuts
